 Dungeon Crawl Stone Soup version 0.22.0-75-g3901e7991e (webtiles) character file.

98 AlolanVulpixel the Skirmisher (level 4, 0/37 HPs)
             Began as a Merfolk Fighter on Sept 14, 2018.
             Succumbed to an adder's poison
             ... on level 3 of the Dungeon.
             The game lasted 00:02:30 (1288 turns).

AlolanVulpixel the Skirmisher (Merfolk Fighter)     Turns: 1288, Time: 00:02:31

Health: 0/37       AC:  7    Str: 17    XL:     4   Next: 71%
Magic:  4/4        EV:  7    Int:  7    God:
Gold:   134        SH:  9    Dex: 13    Spells: 3/3 levels left

rFire    . . .     SeeInvis +   a - +0 long sword
rCold    . . .     Gourm    .   c - +0 shield
rNeg     . . .     Faith    .   b - +0 scale mail
rPois    .         Spirit   .   e - +0 helmet
rElec    .         Reflect  .   (no cloak)
rCorr    .         Harm     +   (no gloves)
MR       .....                  (no boots)
Stlth    ..........             h - amulet of harm
HPRegen  0.12/turn              j - ring of see invisible
MPRegen  0.09/turn              (no ring)

@: lethally poisoned (0 -> -3)
A: change form in water, swift swim, stealthy swim
a: no special abilities


You were on level 3 of the Dungeon.
You were not hungry.

You visited 1 branch of the dungeon, and saw 3 of its levels.

You collected 134 gold pieces.

Inventory:

Hand Weapons
 a - a +0 long sword (weapon)
Armour
 b - a +0 scale mail (worn)
 c - a +0 shield (worn)
 e - a +0 helmet (worn)
Jewellery
 h - an amulet of harm (around neck)
 j - a ring of see invisible (left hand)
Scrolls
 g - 4 scrolls of identify {unknown}
 i - 2 scrolls of fog {unknown}
 l - a scroll of noise {unknown}
 n - a scroll of teleportation {unknown}
 o - a scroll of amnesia {unknown}
Potions
 d - a potion of might
 k - a potion of mutation {unknown}
 m - a potion of degeneration {unknown}
 p - a potion of agility {unknown}
Comestibles
 f - 3 rations
 q - a chunk of flesh


   Skills:
 + Level 3.8 Fighting
 + Level 3.7 Long Blades
 + Level 2.7 Armour
 + Level 0.1 Dodging
 + Level 0.3 Stealth
 + Level 3.3 Shields


You had 3 spell levels left.
You didn't know any spells.
Your spell library was empty.

Dungeon Overview and Level Annotations

Branches:
Dungeon (3/15)

Altars:
Okawaru
Xom


Message History

You riposte.
You closely miss the adder. You closely miss the adder.
You feel sick. The adder bites you but does no damage.
You closely miss the adder. You block the adder's attack.
The orc wizard looks satisfied for a moment.
The adder completely misses you.
You riposte.
You hit the adder but do no damage.
A goblin comes into view. It is wielding a club.
You hit the adder.
The adder is severely wounded.
You feel sick.
The orc wizard looks braver for a moment.
The adder closely misses you.
You riposte.
You hit the adder.
You kill the adder!
You hit the orc.
You kill the orc!
The orc wizard points at you and mumbles some strange words.
The puff of frost hits you!
* * * LOW HITPOINT WARNING * * *
You die...

#.### . ..#.. ..
..#[# .. #.#.#
###.### #.#.#
....... #.#$#
#.##!..###.#(#####
#%......(.((g..o.#
...........#.###@#
####.........# #.#
########### #..
####


You could see an orc wizard (invisible) and a goblin.

Vanquished Creatures
  A worker ant (D:2)
  3 adders
  2 worms (D:2)
  2 dart slugs (D:1)
  A leopard gecko (D:1)
  2 orcs (D:3)
  A ball python (D:2)
  4 bats
  2 giant cockroaches
  2 goblins
  3 hobgoblins (D:2)
  6 jackals
  A frilled lizard (D:1)
  A kobold (D:2)
  4 rats
35 creatures vanquished.

Notes
Turn   | Place    | Note
-------+----------+-------------------------------------------
     0 | D:1      | AlolanVulpixel the Merfolk Fighter began the quest for the
                  | Orb.
     0 | D:1      | Reached XP level 1. HP: 18/18 MP: 1/1
   119 | D:1      | Reached XP level 2. HP: 24/24 MP: 2/2
   634 | D:2      | Reached XP level 3. HP: 30/30 MP: 3/3
   728 | D:2      | Found an iron altar of Okawaru.
   731 | D:2      | Reached XP level 4. HP: 23/37 MP: 4/4
   949 | D:2      | Found a basalt altar of Yredelemnul.
   951 | D:2      | Found a shimmering altar of Xom.
   951 | D:2      | Found an ornate altar of the Wu Jian Council.
   960 | D:2      | Found a basalt altar of Yredelemnul.
   960 | D:2      | Found a bloodstained altar of Trog.
   960 | D:2      | Found a shattered altar of Ashenzari.
  1287 | D:3      | HP: 1/37 [orc wizard/puff of frost (14)]
  1288 | D:3      | Succumbed to an adder's poison

Skill      XL: |  1  2  3 |
---------------+----------+-----
Long Blades    | 3 |  3.7
Fighting       | |  3.8
Armour         | |  2.7
Dodging        | |  0.1
Stealth        | |  0.3
Shields        | |  3.3

Action                   |  1- 3 |  4- 6 || total
-------------------------+-------+-------++-------
Melee: Long sword        |    69 |    45 ||   114
  Eat: Chunk             |       |     1 ||     1
Armor: Scale mail        |    42 |    27 ||    69
Dodge: Dodged            |    22 |    20 ||    42
Block: Shield            |    34 |    23 ||    57
       Rpst.: Long sword |     8 |     5 ||    13
